 Dungeon Crawl Stone Soup version 0.14-a0-3472-gf2e932f (webtiles) character file.

3147 MirrMurr the Covert (level 9, -8/39 HPs)
             Began as a Spriggan Enchanter on Mar 24, 2014.
             Was an Initiate of Ashenzari.
             Mangled by an orc knight
             ... wielding a +4,+2 halberd
              (17 damage)
             ... in a bailey.
             The game lasted 00:26:49 (7737 turns).

MirrMurr the Covert (Spriggan Enchanter)            Turns: 7737, Time: 00:26:49

HP  -8/39        AC  4     Str  7      XL: 9   Next: 48%
MP  36/36        EV 19     Int 16      God: Ashenzari [......]
Gold 268         SH  0     Dex 17      Spells:  4 memorised, 13 levels left

rFire  . . .     SeeInvis +     a - +3,+2 dagger (curse)
rCold  . . .     Clarity  .     I - +1 robe {MR+} (curse)
rNeg   . . .     Conserve .     (shield restricted)
rPois  .         rCorr    .     (helmet restricted)
rElec  .         rRot     .     t - +0 cloak (curse)
SustAb + .       Spirit   .     (gloves unavailable)
rMut   .         Warding  .     (boots unavailable)
Saprov . . .     Stasis   .     (no amulet)
MR     ++...                    f - ring of magical power
                                o - ring of sustain abilities

@: very quick, very resistant to hostile enchantments, extremely stealthy
A: unfitting armour, see invisible, herbivore 3, speed 3, slow metabolism 2
a: Renounce Religion


You were in a bailey.
You worshipped Ashenzari.
Ashenzari was noncommittal.
You were not hungry.

You visited 2 branches of the dungeon, and saw 8 of its levels.
You also visited: Bailey.

You collected 268 gold pieces.

Inventory:

Hand weapons
 a - a cursed +3,+2 dagger (weapon)
 h - a +3,+2 vampiric short sword
Missiles
 d - 12 darts (quivered)
Armour
 t - a cursed +0 cloak (worn)
 I - a cursed +1 robe of magic resistance (worn)
Magical devices
 b - a wand of cold (9)
 C - a wand of paralysis (21)
Comestibles
 l - 5 bread rations
 H - a pear
Scrolls
 m - a scroll of teleportation
Jewellery
 f - a ring of magical power (right hand)
 n - an uncursed ring of hunger {unknown}
 o - a ring of sustain abilities (left hand)
Potions
 e - a potion of porridge
 g - a potion of haste
 i - a potion of experience {unknown}
 p - a potion of brilliance
 s - a potion of paralysis {unknown}
 w - a potion of restore abilities {unknown}
 x - 2 potions of curing
 z - 2 potions of magic
 A - a potion of heal wounds
 B - 2 potions of might
 E - a potion of resistance
Books
 c - a book of Maledictions

   Spells                             Type                      Level
   *Corona                            Hexes                        1
   Sure Blade                         Hexes/Charms                 2
   *Ensorcelled Hibernation           Hexes/Ice                    2
   *Confuse                           Hexes                        3
   Enslavement                        Hexes                        4
   Invisibility                       Hexes                        6
 F - a book of Necromancy

   Spells                             Type                      Level
   Pain                               Necromancy                   1
   Animate Skeleton                   Necromancy                   1
   Lethal Infusion                    Charms/Necromancy            2
   Vampiric Draining                  Necromancy                   3
   *Regeneration                      Charms/Necromancy            3
   Animate Dead                       Necromancy                   4
   Control Undead                     Necromancy                   4


   Skills:
 - Level 6.0 Short Blades
 - Level 1.1 Throwing
 + Level 3.9 Dodging
 + Level 12.2 Stealth
 - Level 7.0 Spellcasting
 * Level 9.1 Hexes


You had 13 spell levels left.
You knew the following spells:

 Your Spells              Type           Power        Failure   Level  Hunger
a - Ensorcelled Hibernat  Hex/Ice        ###...       3%          2    None
b - Confuse               Hex            ####....     1%          3    ##.....
R - Regeneration          Chrm/Necr      #.........   38%         3    ##.....
Z - Corona                Hex            ####...      1%          1    None


Dungeon Overview and Level Annotations

Branches:
Dungeon (7/15)             Temple (1/1) D:6

Altars:
Ashenzari
Dithmenos
Elyvilon
Makhleb
Nemelex Xobeh
Okawaru
Sif Muna
Vehumet
Yredelemnul
Zin
The Shining One

Shops:
D:6 =


Innate Abilities, Weirdness & Mutations

You are tiny and cannot use many weapons and most armour.
You have supernaturally acute eyesight.
You are a herbivore.
You cover ground extremely quickly.
You need consume almost no food.


Message History

You start resting.
Magic restored.
You open the door.
An orc warrior and an orc knight come into view.
Found three items.
An orc knight comes into view. It is wielding a glaive.
Found two items.
There is an open door here.
The orc knight shouts!
The orc knight roars a battle-cry!
The orc warrior goes into a battle-frenzy!
You closely miss the orc knight.
You hit the orc knight but do no damage.
The orc warrior shoots a bolt.
The bolt hits you!
The orc knight hits you with a glowing halberd!
The orc knight hits you from afar with a glaive!
* * * LOW HITPOINT WARNING * * *
The orc warrior shoots a bolt.
The bolt misses you.
The orc knight hits you from afar with a glowing halberd!
You die...

### ###
##.###########∩######
#...##.....##...##...
#[o.#..≈≈≈..#...#..≈≈
#}o.#.≈≈.≈≈.......≈≈.
#.(.@.≈...≈.......≈..
#[..#.≈≈)≈≈.....).≈≈.
#)..#..≈≈≈..#...#..≈≈
#=o.##.....##.(.##...
##.###########∩######
### ###


You could see 2 orc knights and an orc warrior (frenzied).

Vanquished Creatures
  An orc knight (Bailey)
  Edmund (D:6)
  A necrophage (D:5)
  9 orc warriors (Bailey)
  A centaur (D:5)
  2 phantoms (D:3)
  An ogre (D:4)
  Sigmund (D:5)
  2 giant frogs (D:6)
  2 crimson imps
  3 goliath beetles
  4 hounds
  A giant frog skeleton (D:7)
  Crazy Yiuf (D:2)
  3 orc priests
  A centaur skeleton (D:4)
  3 worker ants
  An orc wizard (D:4)
  2 iguanas
  A hound skeleton (D:6)
  7 adders
  An orc zombie (D:6)
  A worm zombie (D:5)
  An inept feature mimic (D:4)
  3 worms
  An iguana skeleton (D:4)
  An adder zombie (D:6)
  3 giant eyeballs (D:5)
  2 giant geckos
  2 oozes
  16 orcs
  7 giant cockroaches
  10 hobgoblins
  A quokka (D:5)
  2 ball pythons
  8 bats
  6 giant newts
  9 goblins
  A goblin skeleton (D:4)
  14 jackals
  9 kobolds
  An orc skeleton (D:4)
  A quokka zombie (D:6)
  12 rats
  A rat zombie (D:5)
161 creatures vanquished.

Notes
Turn   | Place    | Note
--------------------------------------------------------------
     0 | D:1      | MirrMurr, the Spriggan Enchanter, began the quest for the Orb.
     0 | D:1      | Reached XP level 1. HP: 9/9 MP: 4/4
   128 | D:1      | Found an iron altar of Okawaru.
   257 | D:1      | Reached skill level 4 in Stealth
   779 | D:1      | Reached XP level 2. HP: 13/13 MP: 5/7
   783 | D:1      | Learned a level 2 spell: Ensorcelled Hibernation
  1114 | D:2      | Reached skill level 5 in Stealth
  1155 | D:2      | Reached XP level 3. HP: 16/16 MP: 9/9
  1160 | D:2      | Learned a level 3 spell: Confuse
  1256 | D:2      | Found a white marble altar of Elyvilon.
  1314 | D:2      | Noticed Crazy Yiuf
  1341 | D:2      | Killed Crazy Yiuf
  1341 | D:2      | Reached skill level 6 in Stealth
  1470 | D:2      | Found a glowing silver altar of Zin.
  1543 | D:2      | Found a burning altar of Makhleb.
  1543 | D:2      | Found a radiant altar of Vehumet.
  1604 | D:3      | Reached XP level 4. HP: 15/21 MP: 12/12
  2883 | D:4      | Noticed a phantom
  2940 | D:3      | Killed a phantom
  2940 | D:3      | Reached skill level 7 in Stealth
  2940 | D:3      | Reached XP level 5. HP: 20/24 MP: 5/14
  3742 | D:4      | Reached skill level 8 in Stealth
  3742 | D:4      | Reached XP level 6. HP: 22/28 MP: 17/17
  4181 | D:4      | Noticed a phantom
  4182 | D:4      | Noticed an ogre
  4431 | D:4      | Killed an ogre
  4599 | D:3      | Killed a phantom
  4599 | D:3      | Reached skill level 5 in Short Blades
  4755 | D:3      | Reached XP level 7. HP: 25/32 MP: 15/20
  4856 | D:4      | Reached skill level 9 in Stealth
  5236 | D:5      | Entered Level 5 of the Dungeon
  5481 | D:5      | Noticed Sigmund
  5492 | D:5      | Killed Sigmund
  5492 | D:5      | Reached skill level 10 in Stealth
  6063 | D:5      | Reached XP level 8. HP: 36/36 MP: 18/23
  6105 | D:6      | Found Stig's Jewellery Shoppe.
  6157 | D:6      | Reached skill level 5 in Hexes
  6245 | D:6      | Reached skill level 5 in Spellcasting
  6349 | D:6      | Noticed Edmund
  6355 | D:6      | Killed Edmund
  6772 | D:6      | Reached skill level 11 in Stealth
  6812 | D:6      | Found a staircase to the Ecumenical Temple.
  6818 | Temple   | Entered the Ecumenical Temple
  6868 | Temple   | Became a worshipper of Ashenzari the Shackled
  6889 | Temple   | Learned a level 3 spell: Regeneration
  7106 | D:7      | Found a flagged portal.
  7145 | Bailey   | Entered a bailey
  7256 | Bailey   | Noticed an orc knight
  7261 | Bailey   | Killed an orc knight
  7261 | Bailey   | Reached XP level 9. HP: 39/39 MP: 14/27
  7267 | Bailey   | Reached skill level 12 in Stealth
  7730 | Bailey   | Noticed an orc knight
  7731 | Bailey   | Noticed an orc knight
  7737 | Bailey   | Mangled by an orc knight

Action                   |  1- 3 |  4- 6 |  7- 9 || total
-------------------------+-------+-------+-------++-------
Melee: Dagger            |    68 |   243 |   196 ||   507
Throw: Dart              |     5 |       |       ||     5
 Cast: Corona            |     5 |       |       ||     5
       Ensorcelled Hiber |     5 |    29 |    51 ||    85
       Confuse           |       |     8 |    15 ||    23
Evoke: Wand              |       |     1 |     1 ||     2
  Use: Scroll            |     3 |     3 |    13 ||    19
       Potion            |       |     1 |     5 ||     6
 Stab: Sleeping          |    13 |    26 |    51 ||    90
       Confused          |       |     3 |     1 ||     4
       Distracted        |       |     1 |     1 ||     2
